 Dungeon Crawl Stone Soup version 0.20-a0-809-gaf7f668 (webtiles) character file.

7386 4thArraOfDagon the Basher (level 10, -4/74 HPs)
             Began as a Demigod Arcane Marksman on Mar 1, 2017.
             Slain by a two-headed ogre
             ... wielding a cursed +0 giant club
              (11 damage)
             ... on level 10 of the Dungeon on Mar 3, 2017.
             The game lasted 00:32:15 (5400 turns).

4thArraOfDagon the Basher (Demigod Arcane Marksman) Turns: 5400, Time: 00:32:16

Health: -4/74      AC: 21    Str: 13    XL:     10   Next: 61%
Magic:  16/16      EV:  9    Int: 23    God:
Gold:   428        SH:  0    Dex: 16    Spells: 10/11 levels left

rFire    . . .     SeeInvis .   K - +2 flail (protect)
rCold    . . .     Gourm    .   O - +2 chain mail {rPois}
rNeg     . . .     Faith    .   (no shield)
rPois    +         Spirit   .   U - +0 helmet
rElec    .         Reflect  .   (no cloak)
rCorr    +         Harm     .   i - +1 pair of gloves
MR       +....                  (no boots)
Stlth    ..........             n - amulet of regeneration
Regen    0.7/turn               (no ring)
MPRegen  0.2/turn               w - ring of resist corrosion

@: protection aura
A: repulsion field 1, high mp 1, sense surroundings 1, poison resistance, wild
magic 1
a: no special abilities


You were on level 10 of the Dungeon.
You were not hungry.

You visited 1 branch of the dungeon, and saw 11 of its levels.
You also visited: Ossuary.

You collected 428 gold pieces.

Inventory:

Hand Weapons
 K - a +2 flail of protection (weapon)
Missiles
 q - 15 javelins (quivered)
 L - 2 throwing nets
Armour
 c - a +0 troll leather armour
 i - a +1 pair of gloves (worn)
 J - the +1 ring mail of Prudence {-Cast +Blink rElec Str+5}
   (You found it on level 5 of the Dungeon)

   It affects your strength (+5).
   It insulates you from electricity.
   It lets you blink.
   It prevents spellcasting.
 O - a +2 chain mail of poison resistance (worn)
 U - a +0 helmet (worn)
Jewellery
 k - an uncursed amulet of magic regeneration
 n - an amulet of regeneration (around neck)
 w - a ring of resist corrosion (left hand)
 y - an uncursed amulet of the gourmand
 M - an uncursed amulet of inaccuracy
Wands
 p - a wand of acid (0/15)
 s - a wand of iceblast (0/15)
 v - a wand of iceblast (0/15)
 F - a wand of flame (17/48)
 N - a wand of scattershot (0/9)
 P - a wand of flame (33/48)
 T - a wand of random effects (26/48)
 V - a wand of paralysis (9/24)
Scrolls
 l - a scroll of immolation
 m - 4 scrolls of remove curse
 x - a scroll of magic mapping
 z - 5 scrolls of enchant weapon {unknown}
 A - 4 scrolls of fog {unknown}
 G - 2 scrolls of amnesia {unknown}
 Q - 3 scrolls of teleportation
 S - a scroll of vulnerability
 Y - 2 scrolls of blinking
Potions
 a - 2 potions of curing
 b - a potion of ambrosia {unknown}
 e - 2 potions of flight
 h - 2 potions of brilliance
 o - a potion of berserk rage
 r - a potion of magic {unknown}
 u - a potion of cancellation {unknown}
 C - a potion of resistance
 H - 2 potions of heal wounds
 I - 2 potions of degeneration {unknown}
 R - 2 potions of might {unknown}
 W - a potion of lignification {unknown}
 X - a potion of haste
 Z - a potion of agility {unknown}
Comestibles
 f - 5 bread rations
 j - 5 meat rations
 B - 5 royal jellies


   Skills:
 + Level 2.6 Fighting
 * Level 12.7 Maces & Flails
   Level 2.0 Polearms
   Level 3.3 Crossbows
 + Level 3.6 Armour
 + Level 3.4 Dodging
 - Level 1.0 Spellcasting
 - Level 2.6 Hexes
 - Level 4.3 Evocations


You had 10 spell levels left.
You knew the following spells:

 Your Spells              Type           Power        Failure   Level  Hunger
a - Corona                Hex            ###....      99%         1    ##.....


Dungeon Overview and Level Annotations

Branches:
Dungeon (11/15)            Temple (0/1) D:6             Orc (0/2) D:9
   Lair: D:8-11

Shops:
D:4 =   D:6 *   D:8 (

Annotations:
D:3 Malvoorn's ghost, amateur MfSk; Pikel
D:4 Eustachio


Innate Abilities, Weirdness & Mutations

You have an increased reservoir of magic. (+10% MP)
You are surrounded by a mild repulsion field. (EV +2)
You passively map a small area around you.
Your system is resistant to poisons. (rPois)
Your spells are a little harder to cast, but a little more powerful.


Message History

The two-headed ogre hits you with a giant club!
The two-headed ogre hits you with a giant spiked club.
You are too injured to fight recklessly!
You hit the two-headed ogre.
The two-headed ogre is heavily wounded.
Unknown command.
You hit the two-headed ogre.
The two-headed ogre is heavily wounded.
The two-headed ogre hits you with a giant club.
The two-headed ogre hits you but does no damage.
Unknown command.
You barely miss the two-headed ogre.
The two-headed ogre is heavily wounded.
Unknown command.
You sock the two-headed ogre!
The two-headed ogre is severely wounded.
The two-headed ogre hits you with a giant club!!
* * * LOW HITPOINT WARNING * * *
The two-headed ogre hits you with a giant spiked club!
You die...

#......##.# #..[# #..# ,, ...
#......##.# #...# #..# * #.
#......##%# #...# #..# * #.
#......##.#####...# #..# #.#
#. #......##.........# #..#
#.# #. #.................#
#..# #.# #.
#....))...........# #..# #.#
#. #.##..##......>...####..#
#.# #. #.
#..##.......O@.......# #.# #.
..
#..##................###.####.
..
#).##.........................
..
#))##..........#####..........
.. #..##..........#
#.###...... #.(##..........#
#.# #..###.
..*#..##..........# #.# #..#
#. ..##..##..........# #.#
#..# #. ..##..##.(........#
#.# #..# #.


You could see a two-headed ogre.

Vanquished Creatures
  Erolcha (D:9)
  A two-headed ogre (D:8)
  The ghost of Gorglomux the Cleaver, a novice DDBe of Trog (D:10)
  A black mamba (shapeshifter) (D:10)
  2 trolls
  2 hippogriffs
  2 wyverns
  Grum (D:10)
  3 yaks (D:10)
  Edmund (D:4)
  A sky beast (D:9)
  4 ice beasts
  4 slaves (D:4)
  6 ogres
  A necrophage (D:8)
  3 orc warriors
  2 wolves (D:10)
  A crocodile (D:7)
  4 big kobolds
  A gnoll sergeant (D:8)
  3 bullfrogs
  2 scorpions
  A killer bee (D:8)
  4 wights
  A crimson imp (D:8)
  A quasit (D:8)
  2 bullfrog zombies
  2 orc priests
  A jelly (D:8)
  A bullfrog skeleton (D:10)
  2 hounds
  4 orc wizards
  3 iguanas
  9 worker ants
  4 big kobold zombies (Ossuary)
  A hound skeleton (D:8)
  5 mummies
  9 gnolls
  9 adders
  2 adder zombies
  3 worms
  A dart slug (D:3)
  2 leopard geckos
  24 orcs
  3 bats
  3 giant cockroaches
  A gnoll zombie (Ossuary)
  4 hobgoblins
  8 jackals
  4 quokkas
  3 ball pythons
  3 goblins (D:3)
  2 goblin zombies (Ossuary)
  3 hobgoblin zombies (Ossuary)
  4 kobolds
  An orc zombie (Ossuary)
  3 rats
  A rat zombie (Ossuary)
181 creatures vanquished.

Notes
Turn   | Place    | Note
-------+----------+-------------------------------------------
     0 | D:1      | 4thArraOfDagon the Demigod Arcane Marksman began the quest for the Orb.
     0 | D:1      | Reached XP level 1. HP: 15/15 MP: 4/4
    68 | D:1      | Reached skill level 1 in Fighting
   115 | D:1      | You fall through a shaft!
   381 | D:2      | Reached XP level 2. HP: 15/23 MP: 5/5
   556 | D:3      | Reached XP level 3. HP: 27/29 MP: 6/6
   600 | D:3      | Noticed Malvoorn's ghost (amateur MfSk)
   747 | D:3      | Found a sacrificial altar of Ru.
  1038 | D:4      | Found Atioruirey's Jewellery Shop.
  1042 | D:4      | :(
  1074 | D:4      | Reached skill level 1 in Polearms
  1074 | D:4      | Reached XP level 4. HP: 16/36 MP: 8/8
  1119 | D:4      | Noticed Eustachio
  1163 | D:4      | Found a hazy altar of Hepliaklqana.
  1189 | D:4      | Found an opulent altar of Gozag.
  1248 | D:4      | Noticed Edmund
  1279 | D:4      | Reached skill level 1 in Armour
  1290 | D:4      | Noticed a slave
  1301 | D:4      | Noticed a slave
  1302 | D:4      | Noticed Pikel
  1302 | D:4      | Noticed a slave
  1303 | D:4      | Noticed a slave
  1309 | D:5      | Entered Level 5 of the Dungeon
  1471 | D:5      | Reached XP level 5. HP: 35/41 MP: 9/9
  1611 | D:5      | Reached skill level 1 in Maces & Flails
  1612 | D:5      | Found a sand-covered staircase.
  1642 | Ossuary  | Entered an ossuary
  1780 | Ossuary  | Reached XP level 6. HP: 43/48 MP: 10/10
  1781 | Ossuary  | Reached skill level 2 in Maces & Flails
  2020 | D:5      | Got a pitted ring mail
  2043 | D:5      | Identified the cursed +1 ring mail of Prudence {-Cast +Blink rElec Str+5} (You found it on level 5 of the Dungeon)
  2084 | D:5      | Found a glowing golden altar of the Shining One.
  2153 | D:6      | Found Zin's Purification Station.
  2154 | D:6      | Found a glowing silver altar of Zin.
  2203 | D:4      | Found a shattered altar of Ashenzari.
  2465 | D:4      | Upgraded the game from 0.20-a0-795-ga03948b to 0.20-a0-809-gaf7f668
  2587 | D:4      | Killed Edmund
  2587 | D:4      | Reached skill level 3 in Maces & Flails
  2706 | D:6      | Found a staircase to the Ecumenical Temple.
  2773 | D:6      | Reached XP level 7. HP: 51/55 MP: 11/11
  2787 | D:6      | Reached skill level 4 in Maces & Flails
  2943 | D:6      | Found a snail-covered altar of Cheibriados.
  2949 | D:6      | Found a burning altar of Makhleb.
  2953 | D:6      | Found a shadowy altar of Dithmenos.
  3143 | D:7      | Reached skill level 5 in Maces & Flails
  3191 | D:7      | Noticed a hippogriff
  3216 | D:7      | Killed a hippogriff
  3216 | D:7      | Reached skill level 6 in Maces & Flails
  3336 | D:8      | Reached XP level 8. HP: 55/61 MP: 12/12
  3433 | D:8      | Reached skill level 7 in Maces & Flails
  3628 | D:8      | Reached skill level 8 in Maces & Flails
  3669 | D:8      | Noticed a two-headed ogre
  3710 | D:8      | Killed a two-headed ogre
  3710 | D:8      | Reached skill level 9 in Maces & Flails
  3776 | D:8      | Reached XP level 9. HP: 32/65 MP: 13/13
  3802 | D:8      | Found Inne Rai's Weapon Shoppe.
  3855 | D:8      | Reached skill level 1 in Evocations
  3905 | D:9      | Found a staircase to the Orcish Mines.
  3935 | D:9      | Found a white marble altar of Elyvilon.
  3951 | D:8      | Reached skill level 10 in Maces & Flails
  4404 | D:9      | Reached skill level 11 in Maces & Flails
  4495 | D:9      | Gained mutation: Your spells are a little harder to cast, but a little more powerful. [mutagenic meat]
  4496 | D:9      | Gained mutation: You are surrounded by a mild repulsion field. (EV +2) [mutagenic meat]
  4497 | D:9      | Gained mutation: Your system is resistant to poisons. (rPois) [mutagenic meat]
  4498 | D:9      | Gained mutation: You passively map a small area around you. [mutagenic meat]
  4600 | D:9      | Noticed Erolcha
  4611 | D:9      | Killed Erolcha
  4611 | D:9      | Reached XP level 10. HP: 73/73 MP: 16/16
  4676 | D:10     | Entered Level 10 of the Dungeon
  4737 | D:10     | Noticed Gorglomux's ghost (novice DDBe)
  4757 | D:10     | Killed Gorglomux's ghost
  4757 | D:10     | Reached skill level 12 in Maces & Flails
  4920 | D:10     | Noticed Grum
  4950 | D:10     | Killed Grum
  5180 | D:10     | Noticed a black mamba
  5188 | D:10     | Killed a black mamba
  5295 | D:11     | Noticed a two-headed ogre
  5400 | D:10     | Slain by a two-headed ogre

Vault maps used:
D:1:      minmay_arrival_semitransparent, minmay_ruptured
D:2:      first_bread
D:3:      corexii_shack_village, nicolae_ru_sacrificial_ziggurat,
          yredelemnul_forgotten_temple_becter, serial_forest,
          infiniplex_forest_lined_room_2, infiniplex_forest_diagonal,
          infiniplex_forest_straight_1, infiniplex_forest_pool,
          infiniplex_forest_clump_diagonal, infiniplex_forest_diagonal,
          infiniplex_forest_clump_tiny, infiniplex_forest_lined_corner,
          infiniplex_forest_clump_cross
D:4:      old_standard_altar, grunt_gozag_breadcrumbs,
          nicolae_ashenzari_panopticon, serial_shops, shop,
          portal_sewer_entry_b, uniq_edmund, uniq_eustachio, uniq_pikel
D:5:      kennysheep_little_box, nicolae_ossuary_entry_ruins
D:6:      zin_purify, led_sif_pool, minmay_overflow_temple_star_quad,
          temple_statues
D:8:      serial_shops, shop, serial_undead, serial_undead_e, serial_undead_c,
          serial_undead_d, serial_undead_c
D:9:      elyvilon_altar_5, erik_lair_dragon,
          kennysheep_orc_monster_closet_entryway, uniq_erolcha
D:10:     minmay_bloctagon_deflated, serial_shops, shop, uniq_grum
Ossuary:  ossuary_minmay_tomb_2a

Skill      XL: |  1  2  3  4  5  6  7  8  9 10 |
---------------+-------------------------------+-----
Fighting       | 1 2 |  2.6
Crossbows      | 2 3 |  3.3
Polearms       | 1 2 |  2.0
Dodging        | 2 3 |  3.4
Armour         | 1 2 3 |  3.6
Maces & Flails | 1 3 6 9 11 12 | 12.7
Evocations     | 4 |  4.3
Spellcasting   | |  1.0
Hexes          | |  2.6

Action                   |  1- 3 |  4- 6 |  7- 9 | 10-12 || total
-------------------------+-------+-------+-------+-------++-------
Melee: Spear             |     1 |       |       |       ||     1
       Morningstar       |    14 |   126 |       |       ||   140
       Flail             |     1 |    41 |   484 |   198 ||   724
 Fire: Hand crossbow     |    85 |    60 |       |       ||   145
Throw: Javelin           |       |     1 |     3 |       ||     4
Evoke: Wand              |       |    19 |    14 |    12 ||    45
  Use: Scroll            |     3 |    12 |     3 |     2 ||    20
       Potion            |       |     3 |     3 |       ||     6
 Stab: Paralysed         |       |       |    26 |    28 ||    54
  Eat: Fruit             |       |     4 |     2 |       ||     6
       Chunk             |       |     3 |     9 |     3 ||    15
Armor: Ring mail         |    26 |    28 |       |       ||    54
       Scale mail        |     8 |    59 |       |       ||    67
       Chain mail        |       |    18 |   391 |   118 ||   527
Dodge: Dodged            |    47 |   162 |   169 |    67 ||   445
